 Dungeon Crawl Stone Soup version 0.24.0-13-gcf9b319 (webtiles) character file.

Game seed: 7405797359117668751, levelgen mode: deterministic

86 Bronimir the Firebug (level 4, -1/42 HPs)
             Began as an Ogre Fire Elementalist on Mar 16, 2020.
             Hit by a stone thrown by a hobgoblin (2 damage)
             ... led by Robin
             ... on level 2 of the Dungeon.
             The game lasted 00:06:27 (1802 turns).

Bronimir the Firebug (Ogre Fire Elementalist)       Turns: 1802, Time: 00:06:28

Health: -1/42      AC:  3    Str: 18    XL:     4   Next: 49%
Magic:  1/8        EV: 10    Int: 16    God:
Gold:   69         SH:  0    Dex:  9    Spells: 6/9 levels left

rFire    . . .     SeeInvis .   a - +0 whip
rCold    . . .     Gourm    .   (no shield)
rNeg     . . .     Faith    .   f - +0 robe
rPois    .         Spirit   .   (helmet restricted)
rElec    .         Reflect  .   (no cloak)
rCorr    .         Harm     .   (gloves unavailable)
MR       .....                  (boots unavailable)
Stlth    +.........             (no amulet)
HPRegen  0.14/turn              (no ring)
MPRegen  0.11/turn              (no ring)

@: mighty, very slightly contaminated
A: large, unfitting armour, tough skin 1
a: no special abilities


You were on level 2 of the Dungeon.
You were not hungry.

You visited 1 branch of the dungeon, and saw 2 of its levels.

You collected 69 gold pieces.

Inventory:

Hand Weapons
 a - a +0 whip (weapon)
 k - a +0 club
Missiles
 e - 67 stones
 h - 32 poisoned darts (quivered)
 j - 17 arrows
Armour
 f - a +0 robe (worn)
Scrolls
 b - 2 scrolls of enchant armour {unknown}
 d - 5 scrolls of identify
 g - 2 scrolls of remove curse
 i - a scroll of fear
Comestibles
 c - 2 rations


   Skills:
 * Level 2.0 Fighting
 + Level 0.2 Maces & Flails
 + Level 0.2 Throwing
 + Level 2.1 Dodging
 - Level 1.4 Stealth
 + Level 3.1 Spellcasting
 * Level 1.8 Conjurations
 + Level 3.3 Fire Magic


You had 6 spell levels left.
You knew the following spells:

 Your Spells              Type           Power        Failure   Level  Hunger
a - Flame Tongue          Conj/Fire      ##...        6%          1    None
b - Throw Flame           Conj/Fire      ##....       10%         2    ##.....

Your spell library contained the following spells:

 Spells                   Type           Power        Failure   Level  Hunger
 Conjure Flame            Conj/Fire      ##......     19%         3    ###....
 Inner Flame              Hex/Fire       #.......     28%         3    ###....
 Sticky Flame             Conj/Fire      ##......     54%         4    ####...
 Fireball                 Conj/Fire      ##........   87%         5    ######.


Dungeon Overview and Level Annotations

Branches:
Dungeon (2/15)

Altars:
Elyvilon
Gozag


Innate Abilities, Weirdness & Mutations

You are too large for most types of armour.
You have tough skin. (AC +1)


Message History

You kill the kobold!
The hobgoblin throws a stone.
The stone hits you.
* * * LOW HITPOINT WARNING * * *
Casting: Flame Tongue (safe; 6% risk of failure)
Confirm with . or Enter, or press ? or * to list all spells.
Aiming: Flame Tongue (safe; 6% risk of failure)
Press: ? - help, Shift-Dir - straight line, f - hobgoblin
Aim: a hobgoblin You miscast Flame Tongue.
You are very lightly contaminated with residual magic.
You are momentarily dazzled by a flash of light!
The hobgoblin throws a stone.
The stone hits you.
* * * LOW HITPOINT WARNING * * *
The hobgoblin throws a stone.
The stone hits you but does no damage.
You see here a stone.
The hobgoblin throws a stone.
The stone closely misses you.
It was a potion of might.
You feel very mighty all of a sudden.
The hobgoblin throws a stone.
The stone hits you.
You die...

######## #....... #.......
#....... ###.......
#######################l........
#...........(..@.((gh...#....g..
#........######################.
#.......##.........# #.
#####.####.........# #. #.#
#.........# #.
####.####.....<...# ##
*#.......#.........# #
*#........<.........# #
#...........#.####.### ###


You could see a hound and a hobgoblin.

Vanquished Creatures
  Robin (D:2)
  2 adders
  An ooze (D:2)
  A worm (D:2)
  3 dart slugs (D:1)
  3 giant cockroaches (D:1)
  8 goblins
  8 hobgoblins
  5 kobolds
  2 quokkas (D:2)
  2 bats (D:2)
  5 frilled lizards
  4 rats
45 creatures vanquished.

Notes
Turn   | Place    | Note
-------+----------+-------------------------------------------
     0 | D:1      | Bronimir the Ogre Fire Elementalist began the quest for the
                  | Orb.
     0 | D:1      | Reached XP level 1. HP: 16/16 MP: 3/3
    15 | D:1      | Reached skill level 1 in Conjurations
    89 | D:1      | Reached XP level 2. HP: 17/24 MP: 0/5
   178 | D:1      | Learned a level 2 spell: Throw Flame
   257 | D:1      | Reached skill level 1 in Fighting
   827 | D:1      | Reached XP level 3. HP: 16/33 MP: 1/7
  1445 | D:2      | Reached XP level 4. HP: 41/41 MP: 0/8
  1490 | D:2      | Found a white marble altar of Elyvilon.
  1490 | D:2      | Found an opulent altar of Gozag.
  1724 | D:2      | Noticed Robin
  1727 | D:2      | Killed Robin
  1798 | D:2      | HP: 1/42 [hobgoblin/stone[Robin] (4)]
  1802 | D:2      | Hit by a stone thrown by a hobgoblin

Levels and vault maps discovered:
D:1:      dpeg_arrival_prison, layout_loops_ring
D:2:      layout_rooms, gammafunk_temple_overflow_statue, first_ration,
          grunt_decor_fettered, uniq_robin

Skill      XL: |  1  2  3  4 |
---------------+-------------+-----
Conjurations   | 1 |  1.8
Fighting       | 1 2 |  2.0
Fire Magic     | 3 |  3.3
Spellcasting   | 3 |  3.1
Dodging        | 2 |  2.1
Maces & Flails | |  0.2
Throwing       | |  0.2
Stealth        | |  1.4

Action                   |  1- 3 |  4- 6 || total
-------------------------+-------+-------++-------
Melee: Unarmed           |     8 |       ||     8
       Club              |    27 |       ||    27
       Whip              |     6 |    47 ||    53
Throw: Dart              |     8 |       ||     8
 Cast: Flame Tongue      |    48 |    18 ||    66
  Use: Scroll            |       |     3 ||     3
       Potion            |       |     1 ||     1
 Stab: Sleeping          |     1 |       ||     1
  Eat: Chunk             |     2 |     1 ||     3
Armor: Robe              |    14 |    21 ||    35
Dodge: Dodged            |    45 |    52 ||    97
